 Dungeon Crawl Stone Soup version 0.28-a0-662-g1651b1f1e0 (webtiles) character file.

Game seed: 13261581202212773078

14009 ytrimaz the Basher (level 11, -2/100 HPs)
             Began as a Minotaur Berserker on Oct 14, 2021.
             Was an Elder of Trog.
             Killed from afar by a hell hound (4 damage)
             ... with a blast of flame
             ... on level 12 of the Dungeon.
             The game lasted 00:16:35 (15754 turns).

ytrimaz the Basher (Minotaur Berserker)            Turns: 15754, Time: 00:16:36

Health: -2/100     AC: 15    Str: 25    XL:     11   Next: 83%
Magic:  10/10      EV:  8    Int:  4    God:    Trog [****..]
Gold:   545        SH: 10    Dex: 10    Spells: 10/10 levels left

rFire   + . .      SeeInvis .   C - +3 morningstar (spect)
rCold   . . .      Faith    .   y - +1 kite shield
rNeg    . . .      Spirit   .   a - +0 chain mail
rPois   .          Reflect  .   (helmet restricted)
rElec   .          Harm     .   h - +0 cloak
rCorr   .          Rampage  .   (no gloves)
Will    .....                   c - +0 pair of boots
Stlth   ..........              (no amulet)
HPRegen 0.26/turn               n - ring of protection from fire
MPRegen 0.12/turn               (no ring)

@: no status effects
A: horns 2, retaliatory headbutt
a: Renounce Religion, Berserk, Trog's Hand, Brothers in Arms


You were on level 12 of the Dungeon.
You worshipped Trog.
Trog was greatly pleased with you.
You visited 1 branch of the dungeon, and saw 12 of its levels.

You collected 545 gold pieces.

Inventory:

Hand Weapons
 r - the +4 mace of Oca Xuff {flame, Contam rElec rPois Int+6}
   (You found it on level 4 of the Dungeon)

   It burns those it strikes, dealing additional fire damage.
   Int:       It affects your intelligence (+6).
   rElec:     It insulates you from electricity.
   rPois:     It protects you from poison.
   Contam:    It causes magical contamination when unequipped.
 x - the +8 lance "Wyrmbane" {slay drac, rPois rF+ rC+ AC+3}
   (You found it on level 7 of the Dungeon)

   It inflicts extra damage against dragons and draconians.
   AC:        It affects your AC (+3).
   rF:        It protects you from fire.
   rC:        It protects you from cold.
   rPois:     It protects you from poison.
 C - a +3 spectral morningstar (weapon)
Missiles
 g - 2 throwing nets (quivered)
Armour
 a - a +0 chain mail (worn)
 c - a +0 pair of boots (worn)
 h - a +0 cloak (worn)
 y - a +1 kite shield (worn)
Jewellery
 n - a ring of protection from fire (left hand)
 F - a ring of magical power
Wands
 d - a wand of acid (4)
 m - a wand of charming (20)
 p - a wand of digging (8)
 s - a wand of polymorph (29)
 u - a wand of flame (42)
Scrolls
 b - 6 scrolls of identify
 f - a scroll of holy word
 i - a scroll of summoning {unknown}
 j - 4 scrolls of magic mapping
 k - a scroll of fog
 q - a scroll of vulnerability
 v - a scroll of enchant weapon {unknown}
 E - a scroll of torment {unknown}
Potions
 e - 3 potions of mutation
 l - 3 potions of might
 o - 3 potions of haste
 t - 2 potions of cancellation
 w - a potion of attraction {unknown}
 z - 2 potions of magic
 B - 2 potions of flight {unknown}
 D - a potion of curing


   Skills:
 * Level 10.2 Fighting
 * Level 12.8 Maces & Flails
 * Level 8.2 Polearms
 * Level 12.7 Armour
 - Level 3.6 Dodging
 * Level 7.3 Shields


You had 10 spell levels left.
You didn't know any spells.
Your spell library was empty.

Dungeon Overview and Level Annotations

Branches:
Dungeon (12/15)            Temple (0/1) D:7            Lair (0/6) D:9
    Orc (0/2) D:9

Altars:
Ashenzari
Cheibriados
Dithmenos
Makhleb
Okawaru
Qazlal
Ru
Sif Muna
Vehumet
Wu Jian
Xom
Zin

Shops:
D:8 *   D:11 *

Annotations:
D:12 3 runed translucent doors, ytrimaz's ghost, journeyman MiBe


Innate Abilities, Weirdness & Mutations

You have a pair of horns on your head.
You reflexively headbutt those who attack you in melee.


Message History

* * * LOW HITPOINT WARNING * * *
The hell knight points at you and mumbles some strange words.
The bolt of fire hits the hell hound.
The hell hound completely resists.
The bolt of fire hits you!! You resist.
* * * LOW HITPOINT WARNING * * *
As you read the scroll of magic mapping, it crumbles to dust.
You feel aware of your surroundings. What are your orders? t - Shout!
Orders for allies: a - Attack new target. r - Retreat! s - Stop attacking. g - Guard the area. f - Follow me.
Anything else - Cancel.
Retreat in which direction?
Press: ? - help, Dir - move target, f - you
Okay, then.
Blink to where?
Press: ? - help, Dir - move target
As you read the scroll of blinking, it crumbles to dust.
As you read the scroll of fog, it crumbles to dust.
The scroll dissolves into smoke.
Your ogre goes berserk!
You swap places.
Your ogre hits the hell hound with a +0 giant club!!
The hell hound bites your ogre.
Your ogre rages.
Your ogre misses the hell hound.
The hell hound breathes flames at your ogre.
The blast of flame hits your ogre! The blast of flame hits you! You resist.
* * * LOW HITPOINT WARNING * * *
Your ogre barely misses the hell hound.
The hell hound bites your ogre. The hell hound bites your ogre!
Your ogre closely misses the hell hound.
Something bites your ogre!
A blast of flame appears from out of your range of vision.
The blast of flame hits your ogre!
Your ogre dies!
Your ogre's corpse disappears in a puff of smoke!
The blast of flame hits you. You resist.
You die...

*,,..,,,*,,,,,,,,,*****,,,,,
*,,,.,,,*,,,,,,,,,+,,,*,,,,,
***##.#######**,,,*****,,,*,
##.p#.....,,***,,,,,,,,**,
##.,h4h..,,,,* ******,,****
##...##p####################
#..cch.c.§......c....c.p.h..
############################
##.......@..§§h§§§§§§...h§
##...######################
#...## ####################
##.#####......[............
#........................#
#######..........#######.#
#..........# #.'
#..........# #.#
#..........# #.#


There were no monsters in sight!

Vanquished Creatures
  Jorgrun (D:12)
  Josephine (D:12)
  A boulder beetle (D:12)
  3 two-headed ogres
  An ugly thing (D:8)
  A manticore (D:12)
  Maurice (D:11)
  A gargoyle (D:11)
  2 unseen horrors
  A troll (D:11)
  2 hornets
  A meliai zombie (D:11)
  6 wraiths
  A shadow (D:10)
  9 yaks
  A warg (D:9)
  3 acid dragons
  2 water moccasins
  A hell hound (D:12)
  A hornet zombie (D:8)
  An ice beast (D:7)
  3 orc warriors (D:9)
  A necrophage (D:5)
  2 ogres
  8 centaurs
  A phantom (D:6)
  2 kobold brigands
  3 bullfrogs
  A gnoll sergeant (D:3)
  2 scorpions
  A wyvern skeleton (D:7)
  6 wights
  2 centaur zombies
  5 howler monkeys
  2 jellies (D:6)
  A bullfrog skeleton (D:6)
  3 hounds
  A centaur skeleton (D:5)
  3 gnoll shamans
  6 orc priests
  Crazy Yiuf (D:4)
  3 iguanas
  6 orc wizards
  2 howler monkey zombies
  26 gnolls
  5 adders
  A shadow imp (D:5)
  A white imp (D:6)
  An ufetubus (D:6)
  3 dart slugs
  26 orcs
  2 endoplasms
  6 giant cockroaches
  5 goblins
  9 hobgoblins
  2 jackals (D:1)
  15 kobolds
  4 quokkas
  7 ball pythons
  5 bats
  4 frilled lizards
  7 rats
235 creatures vanquished.

Vanquished Creatures (others)
  8 fungi
  4 plants (D:9)
12 creatures vanquished.

Grand Total: 247 creatures vanquished

Notes
Turn   | Place    | Note
-------+----------+-------------------------------------------
     0 | D:1      | ytrimaz the Minotaur Berserker began the quest for the Orb.
     0 | D:1      | Reached XP level 1. HP: 19/19 MP: 0/0
   396 | D:1      | Reached XP level 2. HP: 27/27 MP: 1/1
   560 | D:1      | Found a faded altar of an unknown god.
   775 | D:1      | Reached ** piety under Trog
  1175 | D:2      | Reached XP level 3. HP: 34/34 MP: 2/2
  1588 | D:2      | Reached XP level 4. HP: 37/41 MP: 3/3
  1926 | D:3      | Noticed a gnoll sergeant
  1934 | D:2      | Reached skill level 5 in Maces & Flails
  2616 | D:3      | Killed a gnoll sergeant
  2617 | D:3      | Reached skill level 5 in Fighting
  2617 | D:3      | Reached XP level 5. HP: 40/48 MP: 4/4
  2957 | D:3      | Found a shimmering altar of Xom.
  3876 | D:4      | Reached XP level 6. HP: 50/56 MP: 5/5
  3999 | D:4      | Found a runed translucent door.
  4000 | D:4      | Noticed Crazy Yiuf
  4544 | D:4      | Found a shimmering blue altar of Sif Muna.
  5191 | D:4      | Reached *** piety under Trog
  5295 | D:4      | Found a burning altar of Makhleb.
  5295 | D:4      | Noticed an Executioner
  5448 | D:4      | Killed Crazy Yiuf
  5453 | D:4      | Identified the +4 mace of Oca Xuff {flame, Contam rElec
                  | rPois Int+6}
  5659 | D:5      | Entered Level 5 of the Dungeon
  5687 | D:5      | Reached XP level 7. HP: 62/62 MP: 6/6
  5692 | D:5      | Found a large runed translucent door.
  5696 | D:5      | Found a large runed translucent door.
  5707 | D:5      | Found an ornate altar of the Wu Jian Council.
  5718 | D:5      | Found a stormy altar of Qazlal.
  5723 | D:5      | Reached skill level 5 in Armour
  6219 | D:5      | Reached XP level 8. HP: 70/70 MP: 7/7
  6235 | D:5      | Found an iron altar of Okawaru.
  7142 | D:7      | Found a staircase to the Ecumenical Temple.
  7158 | D:7      | Found the +8 lance "Wyrmbane" {slay drac, rPois rF+ rC+
                  | AC+3}
  7904 | D:7      | Reached skill level 10 in Maces & Flails
  7906 | D:7      | Reached XP level 9. HP: 64/79 MP: 8/8
  8047 | D:7      | Identified the +6 war axe of the Lumpy Places {drain, Will+
                  | rCorr Str-5 Dex+6}
  8291 | D:8      | Reached skill level 1 in Polearms
  8297 | D:8      | Reached skill level 1 in Shields
  8989 | D:8      | Reached **** piety under Trog
  9355 | D:8      | Noticed a purple ugly thing
  9367 | D:8      | Killed a purple ugly thing
  9557 | D:8      | Found Zin's Purification Station.
  9560 | D:8      | Found a glowing silver altar of Zin.
  9656 | D:8      | Found a radiant altar of Vehumet.
 10349 | D:9      | Reached XP level 10. HP: 63/88 MP: 9/9
 10355 | D:9      | Reached skill level 10 in Armour
 10619 | D:9      | Reached skill level 5 in Polearms
 10646 | D:9      | HP: 6/133 [orc priest/divine providence (17)]
 11005 | D:9      | Found a staircase to the Orcish Mines.
 11052 | D:9      | Paralysed by a hornet for 1 turns
 11059 | D:9      | Found a staircase to the Lair.
 11478 | D:9      | Noticed a two-headed ogre
 11485 | D:9      | Killed a two-headed ogre
 11501 | D:9      | Found a shadowy altar of Dithmenos.
 11711 | D:10     | Entered Level 10 of the Dungeon
 12267 | D:10     | Found a snail-covered altar of Cheibriados.
 12294 | D:10     | Found a broken altar of Ashenzari.
 12434 | D:10     | Reached skill level 5 in Shields
 12559 | D:10     | Found a sacrificial altar of Ru.
 12789 | D:11     | Noticed a gargoyle
 12816 | D:11     | Killed a gargoyle
 13263 | D:11     | Found Pethriyha's Assorted Antiques.
 13498 | D:11     | Found a shadowy altar of Dithmenos.
 13521 | D:11     | Noticed Maurice
 13532 | D:11     | Reached XP level 11. HP: 84/97 MP: 10/10
 13539 | D:11     | Killed Maurice
 14145 | D:11     | Noticed a two-headed ogre
 14152 | D:11     | Killed a two-headed ogre
 14540 | D:12     | Noticed Josephine
 14549 | D:12     | Killed Josephine
 14852 | D:12     | Reached ***** piety under Trog
 14902 | D:12     | Noticed Jorgrun
 14902 | D:12     | Noticed a two-headed ogre
 14913 | D:12     | Killed Jorgrun
 14915 | D:12     | Killed a two-headed ogre
 14916 | D:12     | Reached skill level 10 in Fighting
 15227 | D:12     | Found a runed translucent gate.
 15227 | D:12     | Noticed ytrimaz's ghost (journeyman MiBe)
 15229 | D:12     | Found a runed translucent gate.
 15231 | D:12     | Found a runed translucent gate.
 15327 | D:12     | Noticed a boulder beetle
 15336 | D:12     | Killed a boulder beetle
 15359 | D:12     | Identified the +2 mace "Looss" {vorpal, rElec rN+}
 15716 | D:12     | Noticed a centaur warrior
 15721 | D:12     | Noticed a hell knight
 15725 | D:12     | Noticed a hell knight
 15752 | D:12     | HP: 2/100 [hell hound/blast of flame (9)]
 15754 | D:12     | Killed from afar by a hell hound

Illustrated notes

Levels and vault maps discovered:
D:1:      dpeg_arrival_three_bigger_balls, layout_loops_ring,
          ebering_ecumenical_altar_abandoned, moated_statue
D:2:      layout_basic
D:3:      layout_loops_cross, xom_butterflies, lightli_corner_chamber
D:4:      layout_loops_ring, makhleb_altar_promises_db,
          mainiacjoe_overflow_tiny_flanked, uniq_crazy_yiuf_cottage
D:5:      layout_basic, okawaru_gym_becter, jmf_multi_god_temple2
D:6:      layout_loops_ring
D:7:      layout_loops_ring, minmay_temple_entry_statues_fountains
D:8:      layout_cave_pods, zin_purify, nicolae_vehumet_altar_sigil,
          kennysheep_doodads
D:9:      layout_loops_ring, mainiacjoe_overflow_cross_hatched,
          dpeg_oklobed_lair, david_orc_3, fungi_pond_lemuel
D:10:     layout_stronghold, nicolae_ru_the_path_less_chosen,
          kennysheep_slug_shrine, ashenzari_altar_1,
          chequers_serial_rivers_large_a
D:11:     layout_layer_cave, serial_shops,
          nicolae_shop_temple_entry_statues_fountains, nrook_campfire,
          nicolae_two_hexagons, minivault_25, grunt_dithmenos_smoke_and_mirrors,
          uniq_maurice
D:12:     mludivico_vault, layout_irregular_city, gammafunk_ghost_nasty_kobolds,
          uniq_josephine, uniq_jorgrun

Skill      XL: |  1  2  3  4  5  6  7  8  9 10 11 |
---------------+----------------------------------+-----
Fighting       | 4 5 6 7 8 9 10 | 10.2
Maces & Flails | 4 5 6 7 8 10 11 12 | 12.8
Armour         | 3 4 6 8 9 10 12 | 12.7
Dodging        | 3 |  3.6
Polearms       | 4 7 8 |  8.2
Shields        | 2 5 7 |  7.3

Action                   |  1- 3 |  4- 6 |  7- 9 | 10-12 || total
-------------------------+-------+-------+-------+-------++-------
Melee: Mace              |    73 |   139 |   127 |       ||   339
       Headbutt          |     6 |    23 |    41 |    44 ||   114
       Lance             |       |       |    76 |    92 ||   168
       Morningstar       |       |       |       |   140 ||   140
Invok: Berserk           |     1 |     4 |       |     3 ||     8
       Brothers in Arms  |       |       |       |     2 ||     2
  Use: Scroll            |     4 |     2 |    13 |     5 ||    24
       Potion            |       |     1 |       |     3 ||     4
Armor: Animal skin       |     8 |       |       |       ||     8
       Leather armour    |    19 |    21 |       |       ||    40
       Scale mail        |       |    17 |     5 |       ||    22
       Chain mail        |       |       |   137 |   173 ||   310
       Skin              |       |       |       |     8 ||     8
Dodge: Dodged            |    77 |    96 |    93 |    71 ||   337
Block: Kite shield       |       |       |    32 |   164 ||   196

Table legend: (Time is in decaauts)
 A = Elapsed time spent in this place.
 B = Non-inter-level travel time spent in this place.
 C = Inter-level travel time spent in this place.
 D = Time resting spent in this place.
 E = Time spent auto-exploring this place.
 F = Levels seen in this place.
 G = Mean time per level.
                   A        B        C        D        E       F      G
               +--------+--------+--------+--------+--------+-----+--------+
         Total |  15955 |  15478 |    477 |   2995 |  10191 |  12 | 1329.6 |
       Dungeon |  15955 |  15478 |    477 |   2995 |  10191 |  12 | 1329.6 |
               +--------+--------+--------+--------+--------+-----+--------+

Top non-repeatable levels by time:
    D:11: 2082 daAuts
     D:8: 2043 daAuts
     D:4: 1837 daAuts
     D:2: 1539 daAuts
     D:9: 1469 daAuts
     D:3: 1316 daAuts
     D:7: 1132 daAuts
    D:10: 1112 daAuts
     D:1: 1044 daAuts
    D:12: 937 daAuts
     D:5: 788 daAuts
     D:6: 650 daAuts
